 Dungeon Crawl Stone Soup version 0.24.1 (webtiles) character file.

Game seed: 15007444754498154258, levelgen mode: deterministic

946 Chiseanne the Sneak (level 7, -6/33 HPs)
             Began as a Spriggan Hunter on Mar 27, 2020.
             Was an Initiate of Gozag.
             Mangled by a wolf (8 damage)
             ... led by Grum
             ... on level 8 of the Dungeon.
             The game lasted 00:14:23 (3526 turns).

Chiseanne the Sneak (Spriggan Hunter)               Turns: 3526, Time: 00:14:24

Health: -6/33      AC:  4    Str:  8    XL:     7   Next: 89%
Magic:  8/8        EV: 23    Int: 13    God:    Gozag
Gold:   226        SH:  0    Dex: 18    Spells: 6/6 levels left

rFire    . . .     SeeInvis +   a - +1 dagger (venom)
rCold    . . .     Gourm    .   (shield restricted)
rNeg     . . .     Faith    .   p - +2 robe
rPois    .         Spirit   .   (helmet restricted)
rElec    .         Reflect  .   (no cloak)
rCorr    .         Harm     .   (gloves unavailable)
MR       +....                  (boots unavailable)
Stlth    ++++......             (no amulet)
HPRegen  0.11/turn              (no ring)
MPRegen  0.11/turn              (no ring)

@: very quick
A: very small, unfitting armour, see invisible, herbivore, speed 3, slow
metabolism 2
a: Potion Petition, Call Merchant, Bribe Branch, Renounce Religion


You were on level 8 of the Dungeon.
You worshipped Gozag.
Gozag was aware of your devotion.
You were full.

You visited 1 branch of the dungeon, and saw 8 of its levels.

You collected 283 gold pieces.
You paid 57 gold pieces to Gozag.

Inventory:

Hand Weapons
 a - a +1 dagger of venom (weapon)
 s - a +1 trident of venom
Missiles
 c - 16 boomerangs (quivered)
 d - a throwing net {!*}
 i - 11 stones
 o - 24 arrows
Armour
 p - a +2 robe (worn)
Jewellery
 m - an uncursed ring of ice
Scrolls
 e - 3 scrolls of fear
 g - 2 scrolls of enchant armour
 k - a scroll of amnesia
Potions
 b - a potion of resistance {unknown}
 h - a potion of lignification {unknown}
 j - a potion of mutation
 l - a potion of ambrosia {unknown}
 n - 2 potions of curing {unknown}
Comestibles
 f - 5 rations


   Skills:
 - Level 1.5 Fighting
 + Level 3.4 Short Blades
 * Level 6.2 Throwing
 * Level 7.5 Dodging
 * Level 7.6 Stealth


You had 6 spell levels left.
You didn't know any spells.
Your spell library was empty.

Dungeon Overview and Level Annotations

Branches:
Dungeon (7/15)             Temple (0/1) D:7

Altars:
Dithmenos
Gozag
Nemelex Xobeh
Qazlal
Sif Muna

Annotations:
D:8 Grum


Innate Abilities, Weirdness & Mutations

You are very small and have problems with some larger weapons.
You are too small for most types of armour.
You have supernaturally acute eyesight. (SInv)
You are a herbivore.
You cover ground extremely quickly.
You need to consume almost no food.


Message History

Throwing (i - inventory. (/) - cycle)
c - 16 boomerangs (quivered)
Press: ? - help, Shift-Dir - straight line, f/p - wolf
Aim: a wolf (almost dead, poisoned)
You throw a boomerang. The boomerang misses the wolf.
The wolf closely misses you. The wolf completely misses you.
Throwing (i - inventory. (/) - cycle)
c - 16 boomerangs (quivered)
Press: ? - help, Shift-Dir - straight line, f/p - wolf
Aim: a wolf (almost dead, poisoned)
You throw a boomerang. The boomerang misses the wolf.
The wolf bites you.
Throwing (i - inventory. (/) - cycle)
c - 16 boomerangs (quivered)
Press: ? - help, Shift-Dir - straight line, f/p - wolf
Aim: a wolf (almost dead, poisoned)
You throw a boomerang. The boomerang misses the wolf.
The wolf bites you!
* * * LOW HITPOINT WARNING * * *
The wolf completely misses you.
You barely miss the wolf.
The wolf is almost dead.
The wolf bites you!
You die...
Your body crumbles into a pile of gold.

#................##....
#...###....##.........#
#.#.# #....#.........##
#.#.# #....#...)....##
#...# #####.......##
#.##### ####......##
#.....# #..........#
#.....###.##.......#
#.....@h..##.......#
#.....#######.....##
#.....# ##...## #.#####
#### #.# #.# #.


You could see a wolf.

Vanquished Creatures
  A water moccasin (D:8)
  An orc warrior (D:6)
  An ice beast (D:7)
  An ogre (D:7)
  Blork the orc (D:5)
  3 bullfrogs
  A hound (D:8)
  A bullfrog skeleton (D:4)
  An orc wizard (D:3)
  2 iguanas
  3 worker ants (D:4)
  A howler monkey zombie (D:7)
  5 adders
  2 shadow imps (D:6)
  2 oozes
  2 worms
  4 orcs
  4 giant cockroaches
  4 goblins
  A hobgoblin (D:3)
  A ball python (D:5)
  5 bats
  3 frilled lizards
  A jackal zombie (D:7)
  3 kobolds (D:1)
  2 rats (D:3)
56 creatures vanquished.

Notes
Turn   | Place    | Note
-------+----------+-------------------------------------------
     0 | D:1      | Chiseanne the Spriggan Hunter began the quest for the Orb.
     0 | D:1      | Reached XP level 1. HP: 10/10 MP: 2/2
   450 | D:1      | Reached XP level 2. HP: 5/14 MP: 3/3
   930 | D:2      | Reached XP level 3. HP: 16/18 MP: 4/4
   973 | D:3      | Reached skill level 1 in Short Blades
  1164 | D:3      | Reached XP level 4. HP: 22/22 MP: 5/5
  1658 | D:4      | Found a shadowy altar of Dithmenos.
  1672 | D:4      | Reached XP level 5. HP: 25/25 MP: 6/6
  1700 | D:4      | Reached skill level 5 in Dodging
  1778 | D:4      | Found a sparkling altar of Nemelex Xobeh.
  1778 | D:4      | Found an opulent altar of Gozag.
  1778 | D:4      | Found a stormy altar of Qazlal.
  1787 | D:4      | Became a worshipper of Gozag Ym Sagoz the Greedy
  1878 | D:5      | Entered Level 5 of the Dungeon
  1888 | D:5      | Reached skill level 5 in Throwing
  1888 | D:5      | Reached skill level 5 in Stealth
  2075 | D:5      | Noticed Blork the orc
  2124 | D:5      | Killed Blork the orc
  2124 | D:5      | Reached XP level 6. HP: 30/30 MP: 7/7
  2532 | D:6      | Noticed an orc warrior
  2542 | D:6      | Killed an orc warrior
  2833 | D:6      | Found a shimmering blue altar of Sif Muna.
  2851 | D:6      | Found a shadowy altar of Dithmenos.
  2856 | D:6      | Noticed an orc warrior
  3022 | D:7      | Noticed an ice beast
  3026 | D:7      | Killed an ice beast
  3026 | D:7      | Reached XP level 7. HP: 33/33 MP: 8/8
  3167 | D:7      | Found a staircase to the Ecumenical Temple.
  3278 | D:7      | You fall into a shaft and drop 1 floor!
  3365 | D:8      | Noticed a hippogriff
  3493 | D:8      | Noticed Grum
  3526 | D:8      | Mangled by a wolf

Levels and vault maps discovered:
D:1:      eino_arrival_cavern_a, layout_basic
D:2:      layout_basic, old_standard_altar, marbit_many_paths, uniq_natasha,
          uniq_crazy_yiuf_cottage
D:3:      layout_loops_ring, lemuel_doored_altar, first_ration
D:4:      layout_basic, gammafunk_temple_overflow_forgotten,
          grunt_dithmenos_smoke
D:5:      layout_cave_pools, overflow_temple_1_default, uniq_blork_the_orc
D:6:      kennysheep_orc_sif_temple, layout_cave_pods,
          kennysheep_vampire_church, old_standard_altar, old_standard_altar
D:7:      layout_loops_cross, nicolae_tso_besieged_by_evil, temple_green,
          gammafunk_ghost_wrathful_warriors, uniq_joseph
D:8:      layout_rooms, serial_curves, eino_curves_02, eino_curves_03,
          eino_curves_04, hangedman_pestilent_swarm, uniq_grum

Skill      XL: |  1  2  3  4  5  6  7 |
---------------+----------------------+-----
Stealth        | 2 3 4 5 6 7 |  7.6
Short Blades   | 1 2 3 |  3.4
Dodging        | 4 5 6 7 |  7.5
Throwing       | 5 6 |  6.2
Fighting       | |  1.5

Action                   |  1- 3 |  4- 6 |  7- 9 || total
-------------------------+-------+-------+-------++-------
Melee: Short sword       |    86 |     5 |       ||    91
       Dagger            |       |    67 |    42 ||   109
Throw: Boomerang         |    14 |    21 |    23 ||    58
       Throwing net      |       |       |     2 ||     2
  Use: Scroll            |     3 |     5 |       ||     8
 Stab: Sleeping          |     4 |     7 |       ||    11
       Distracted        |     1 |       |       ||     1
       Held in net/web   |       |       |     1 ||     1
  Eat: Ration            |       |       |     3 ||     3
Armor: Robe              |    13 |     3 |     3 ||    19
Dodge: Dodged            |    88 |    47 |    41 ||   176
